 Dungeon Crawl Stone Soup version 0.22.1-2-g9c5b331383 (webtiles) character file.

4428 Gargoyl the Chopper (level 10, -1/124 HPs)
             Began as a Centaur Abyssal Knight on Dec 5, 2018.
             Was a Priest of Lugonu.
             Slain by a spiny frog (13 damage)
             ... on level 1 of the Lair of Beasts.
             The game lasted 00:13:19 (9569 turns).

Gargoyl the Chopper (Centaur Abyssal Knight)        Turns: 9569, Time: 00:13:20

Health: -1/124     AC: 25    Str: 20      XL:     10   Next: 14%
Magic:  14/15      EV:  1    Int: 11      God:    Lugonu [***...]
Gold:   429        SH:  0    Dex:  9 (10) Spells: 9/9 levels left

rFire    . . .     SeeInvis .   g - +4 hand axe
rCold    . . .     Gourm    .   (no shield)
rNeg     + + +     Faith    .   (armour currently unavailable)
rPois    +         Spirit   .   (helmet currently unavailable)
rElec    .         Reflect  .   (cloak currently unavailable)
rCorr    .         Harm     .   (gloves currently unavailable)
MR       .....     NoTele   +   (no barding)
Stlth    +.........             (no amulet)
HPRegen  0.30/turn              o - +3 ring of strength
MPRegen  0.14/turn              s - ring of poison resistance

@: tree-form
A: large, subdued magic 1
a: Depart the Abyss, Bend Space, Banish, Renounce Religion


You were on level 1 of the Lair of Beasts.
You worshipped Lugonu.
Lugonu was most pleased with you.
You were hungry.
You were a tree.
You visited 2 branches of the dungeon, and saw 9 of its levels.
You visited the Abyss 1 time.

You collected 429 gold pieces.

Inventory:

Hand Weapons
 a - a +1 hand axe
 g - a +4 hand axe (weapon)
 x - a +0 scimitar of holy wrath
Missiles
 f - 2 tomahawks (quivered)
 p - 8 javelins
Armour
 d - a +1 scale mail (melded)
 w - a +0 pair of gloves (melded)
Jewellery
 l - an uncursed ring of protection from fire
 o - a +3 ring of strength (left branch)
 s - a ring of poison resistance (right branch)
Wands
 i - a wand of flame (35)
 t - a wand of enslavement (10)
Scrolls
 b - 3 scrolls of identify
 e - 4 scrolls of remove curse
 k - a scroll of amnesia
 n - 5 scrolls of fog
 v - a scroll of teleportation
Potions
 h - 2 potions of flight
 j - 3 potions of curing
 m - a potion of berserk rage {unknown}
 r - a potion of cancellation
Comestibles
 c - 16 rations


   Skills:
 + Level 5.8 Fighting
 + Level 7.4 Axes
 + Level 1.5 Throwing
 * Level 7.0 Armour
 + Level 2.9 Dodging
 * Level 6.7 Invocations


You had 9 spell levels left.
You didn't know any spells.
Your spell library was empty.

Dungeon Overview and Level Annotations

Branches:
Dungeon (8/15)             Temple (0/1) D:4            Lair (1/6) D:8

Altars:
Ashenzari
Dithmenos
Elyvilon
Gozag
Hepliaklqana
Okawaru
Qazlal
Ru
Sif Muna
Yredelemnul
Zin

Annotations:
Abyss:1 Maurice


Innate Abilities, Weirdness & Mutations

((You have hooves in place of feet.))
((Armour fits poorly on your strangely shaped body.))
((You cover ground very quickly.))
((You have extremely tough skin. (AC +3)))
((You are partially covered in molten scales. (AC +2)))
((You are partially covered in thin metallic scales. (AC +2)))
((You can translocate small distances at will.))
Your spells are a little easier to cast, but a little less powerful.


Message History

Lugonu accepts your kill.
You feel your dexterity returning.
Your Armour skill increases to level 7!
You barely miss the spiny frog.
The spiny frog is lightly wounded.
The spiny frog stings you.
* * * LOW HITPOINT WARNING * * *
You hit the spiny frog.
The spiny frog is moderately wounded.
The spiny frog stings you but does no damage.
You slash the spiny frog!
The spiny frog is heavily wounded.
The spiny frog stings you but does no damage.
You barely miss the spiny frog.
The spiny frog is heavily wounded.
The spiny frog stings you but does no damage. x2
You hit the spiny frog.
The spiny frog is heavily wounded.
The spiny frog stings you!
You die...

##P#P##÷####.#...
.......................
........#..#.##. .....
........#..# ....
......(.#..## ...
<.......+...# ..#
####....#..#### ..#
+....+...#.###..#
.....#......F♣..#
##....###†##.#####
............
#...........
#P.............
##.............
#.......######
.......##


You could see a spiny frog.

Vanquished Creatures
  A spiny frog (Lair:1)
  A centaur skeleton (D:8)
  Grinder (D:4)
  Eustachio (D:4)
  2 water moccasins (Lair:1)
  Duvessa (D:7)
  A porcupine (Lair:1)
  An ice beast (D:5)
  3 sky beasts
  A black bear (D:6)
  2 phantoms
  4 ogres
  2 centaurs (D:5)
  4 bullfrogs
  A water moccasin skeleton (D:7)
  Dowan (D:7)
  5 howler monkeys
  A crimson imp (D:7)
  5 hounds
  A quasit (D:8)
  A bullfrog zombie (D:8)
  4 orc priests
  9 orc wizards
  7 iguanas
  3 worker ants
  A mummy (D:6)
  4 gnolls (D:4)
  11 adders
  A shadow imp (D:8)
  2 oozes
  An adder skeleton (D:7)
  5 worms
  4 dart slugs
  3 leopard geckos
  18 orcs
  A ball python (D:1)
  11 bats
  4 giant cockroaches
  7 goblins
  7 hobgoblins
  14 jackals
  4 kobolds
  A quokka (D:4)
  7 frilled lizards
  2 gnoll zombies (D:7)
  A hobgoblin zombie (D:6)
  A jackal zombie (D:7)
  A kobold zombie (D:6)
  2 orc zombies (D:6)
  8 rats
184 creatures vanquished.

Vanquished Creatures (others)
  A hungry ghost (D:8)
  2 starspawn tentacles (Abyss:3)
3 creatures vanquished.

Grand Total: 187 creatures vanquished

Notes
Turn   | Place    | Note
-------+----------+-------------------------------------------
     0 | Abyss:1  | Gargoyl the Centaur Abyssal Knight began the quest for the
                  | Orb.
     0 | Abyss:1  | Reached XP level 1. HP: 19/19 MP: 2/2
    24 | Abyss:2  | Noticed a water elemental
    56 | Abyss:2  | Noticed a large abomination
    65 | Abyss:3  | Found a corrupted altar of Lugonu.
    94 | Abyss:3  | Gained mutation: You can translocate small distances at
                  | will. [potion of mutation]
    94 | Abyss:3  | Gained mutation: Your spells are a little easier to cast,
                  | but a little less powerful. [potion of mutation]
    94 | Abyss:3  | Gained mutation: You are partially covered in thin metallic
                  | scales. (AC +2) [potion of mutation]
    94 | Abyss:3  | Gained mutation: You are partially covered in molten
                  | scales. (AC +2) [potion of mutation]
    98 | Abyss:3  | Noticed a tentacled starspawn
    99 | Abyss:3  | Noticed a raiju
   105 | D:1      | Escaped the Abyss
   309 | D:1      | Reached * piety under Lugonu
   309 | D:1      | Reached XP level 2. HP: 26/26 MP: 3/3
   659 | D:1      | Reached XP level 3. HP: 31/31 MP: 4/4
  1336 | D:2      | Reached XP level 4. HP: 35/38 MP: 5/5
  1437 | D:2      | Found an opulent altar of Gozag.
  1552 | D:2      | Reached ** piety under Lugonu
  1616 | D:2      | Reached skill level 1 in Dodging
  1945 | D:2      | Found a sacrificial altar of Ru.
  2032 | D:3      | Reached XP level 5. HP: 44/45 MP: 6/6
  2090 | D:3      | Found a white marble altar of Elyvilon.
  2279 | D:3      | Found a hazy altar of Hepliaklqana.
  2415 | D:3      | Found an iron altar of Okawaru.
  2526 | D:3      | You fall through a shaft for 3 floors!
  2589 | D:6      | Reached XP level 6. HP: 38/52 MP: 8/8
  2940 | D:6      | Noticed a sky beast
  2954 | D:6      | Killed a sky beast
  3064 | D:5      | Entered Level 5 of the Dungeon
  3064 | D:5      | Found a stormy altar of Qazlal.
  3083 | D:5      | Reached XP level 7. HP: 36/59 MP: 9/9
  3118 | D:5      | Found a shadowy altar of Dithmenos.
  3130 | D:5      | Reached skill level 1 in Throwing
  3418 | D:5      | Reached *** piety under Lugonu
  3461 | D:5      | Reached XP level 8. HP: 34/67 MP: 11/11
  3549 | D:5      | Reached skill level 5 in Axes
  4213 | D:4      | Noticed Grinder
  4225 | D:4      | Paralysed by Grinder for 6 turns
  4232 | D:4      | Killed Grinder
  4358 | D:4      | Noticed Eustachio
  4578 | D:4      | Reached skill level 5 in Invocations
  4794 | D:4      | Reached skill level 5 in Armour
  5207 | D:4      | Found a deep blue altar of Sif Muna.
  5268 | D:4      | Found a staircase to the Ecumenical Temple.
  5293 | D:4      | Killed Eustachio
  5581 | D:5      | Reached XP level 9. HP: 49/73 MP: 13/13
  5733 | D:5      | Reached skill level 5 in Fighting
  5883 | D:5      | Found a glowing silver altar of Zin.
  5895 | D:5      | Found a shattered altar of Ashenzari.
  7071 | D:7      | Noticed Duvessa
  7071 | D:7      | Noticed Dowan
  7074 | D:7      | Killed Dowan
  7074 | D:7      | Reached **** piety under Lugonu
  7095 | D:7      | Killed Duvessa
  7732 | D:7      | Found a basalt altar of Yredelemnul.
  8248 | D:8      | Noticed Maurice
  8261 | D:8      | Banished Maurice
  8472 | D:8      | Found a staircase to the Lair.
  9216 | Lair:1   | Entered Level 1 of the Lair of Beasts
  9241 | Lair:1   | Reached XP level 10. HP: 48/83 MP: 14/14
  9544 | Lair:1   | Noticed a spiny frog
  9544 | Lair:1   | Noticed a spiny frog
  9564 | Lair:1   | Killed a spiny frog
  9569 | Lair:1   | Slain by a spiny frog

Skill      XL: |  1  2  3  4  5  6  7  8  9 10 |
---------------+-------------------------------+-----
Axes           | 2 3 4 6 7 |  7.4
Armour         | 2 3 4 5 6 7 |  7.0
Dodging        | 1 2 |  2.9
Invocations    | 3 4 5 6 |  6.7
Fighting       | 4 5 |  5.8
Throwing       | 1 |  1.5

Action                   |  1- 3 |  4- 6 |  7- 9 | 10-12 || total
-------------------------+-------+-------+-------+-------++-------
Melee: Hand axe          |   103 |   164 |   455 |    26 ||   748
       Kick              |    16 |    31 |   101 |     2 ||   150
Throw: Tomahawk          |       |     7 |     5 |       ||    12
       Javelin           |       |     1 |     3 |       ||     4
Invok: Depart the Abyss  |     1 |       |       |       ||     1
       Banish            |       |       |     4 |       ||     4
  Use: Scroll            |     4 |     3 |    11 |       ||    18
       Potion            |     1 |     1 |     5 |     4 ||    11
  Eat: Chunk             |       |     5 |    17 |       ||    22
       Ration            |       |       |     2 |       ||     2
Armor: Scale mail        |    86 |   145 |   293 |     6 ||   530
       Skin              |       |       |     7 |     7 ||    14
Dodge: Dodged            |    47 |    71 |   216 |     5 ||   339
